[Event "CCT Chessable Masters Playin Match 2025"]
[Site "Online"]
[Date "2025.02.17"]
[Round "1.3"]
[White "Giri, Anish"]
[Black "Lu, Shanglei"]
[Result "1-0"]
[Annotator "TA"]
[ECO "A13"]
[WhiteElo "2728"]
[BlackElo "2618"]
[PlyCount "145"]
[EventDate "2025.02.13"]
[EventType "k.o."]
[EventCountry "NET"]
[SourceTitle "playchess.com"]
[Source "ChessBase"]
[SourceQuality "1"]
[TimeControl "600"]

1. c4 Nf6 2. Nf3 e6 3. g3 d5 4. Bg2 dxc4 5. Qa4+ Bd7 6. Qxc4 {[%emt 0:00:01] A13: English Opening: 1...e6.} c5 7. Ne5 Qc8 8. Qd3 {[%emt 0:00:01] The position is equal.} Nc6 9. Nxd7 Nxd7 10. b3 {[%emt 0:00:00] Not much happening anymore} Be7 11. Bb2 O-O 12. Nc3 Rd8 13. Rc1 Nf6 14. Qb1 Qd7 15. d3 Nd4 16. O-O Rac8 17. Rfd1 b6 18. e3 Nc6 19. Rd2 $146 (19. a3 a6 20. Na4 Qa7 21. b4 Nb8 22. bxc5 b5 23. Bxf6 gxf6 24. Nc3 Rxc5 25. Qb2 {1-0 Nowak,L (2265)-Kishan,G (2128) Online Olym Disabilities rapid 2020 (4.1)}) 19... h6 20. Rcd1 Qe8 21. Qa1 Bf8 22. Ne2 Nd5 23. Kh1 Rc7 24. Ng1 Rcd7 25. Nf3 Ndb4 26. Ne1 Qe7 27. h4 Nd5 28. Kg1 Ncb4 29. Nf3 Nc6 30. Qb1 Ndb4 31. a3 Nd5 32. Rc1 Na5 33. Ba1 Rc7 34. Rdc2 Rdc8 35. Be5 Rd7 {[%emt 0:00:03] [#]} 36. b4 $1 Nc6 37. bxc5 bxc5 38. Ba1 Qe8 39. Bf1 Rb8 40. Qa2 Rdb7 (40... Rdd8 $14) 41. Bg2 ({White should play} 41. d4 $16) 41... Na5 42. Be5 Rd8 43. Nd2 Qa4 44. Ne4 Qb3 45. Qxb3 (45. Nxc5 $2 Bxc5 46. Qxb3 Nxb3 $19) 45... Rxb3 46. Nxc5 Rxa3 47. d4 Nb4 $1 48. Re2 Rc8 49. Rb1 Nd5 50. Nd7 Be7 51. Reb2 f6 52. Rb8 Rac3 (52... Rxb8 $11 53. Bxb8 (53. Rxb8+ Kf7 $16) 53... Nb3) 53. Rxc8+ (53. e4 $1 $16 Nb4 54. Rxc8+ Rxc8 55. Bf4) 53... Rxc8 $11 54. Bb8 {[%emt 0:00:00] [#]} (54. Ra1 $11 Nc6 55. Rc1) 54... Nc6 (54... Nb6 $1 $17 55. Bh3 (55. Nxb6 $2 {perishes.} Rxb8 56. Kh1 axb6 $19) 55... Kf7 56. Bxa7 (56. Nxb6 $2 Rxb8 57. Rb5 axb6 $19) 56... Nxd7) 55. Rc1 Kf7 {[%emt 0:00:02] And now ...Ke8 would win.} 56. Bf4 g5 (56... Bb4 $11) 57. hxg5 $16 {[%emt 0:00:03] White is more active. White now steadily converts the win.} hxg5 {[%emt 0:00:00] [#]} 58. Bxg5 Ke8 {[%emt 0:00:32] [#]} (58... fxg5 $16 59. Rxc6 Rxc6 60. Ne5+ Kf6 61. Nxc6 a6 62. Bxd5 exd5) (58... Ba3 59. Rc4) 59. Nxf6+ $1 $18 Bxf6 60. Bxf6 Nxf6 $2 (60... Nce7 61. Rxc8+ Nxc8) 61. Rxc6 Rxc6 62. Bxc6+ {[%emt 0:00:00][%mdl 4096] Endgame KB-KN. White is two pawns up. White is clearly winning.} Ke7 63. Kf1 Kd6 64. Ba4 a5 (64... Nd5 $142 65. Bc2 e5 66. dxe5+ Kxe5) 65. Ke2 Ne4 66. Bc2 Nc3+ 67. Kd2 Nd5 68. e4 Nb4 69. Bb3 Nc6 70. e5+ Ke7 71. Kc3 Nb4 72. Kc4 {[%emt 0:00:04] Strongly threatening Kb5.} Nd5 73. Bc2 {[%emt 0:00:08] Weighted Error Value: White=0.17 (very precise) /Black=0.25 (precise)   Mistake:       	White=3     	Black=7      Inaccurate:     	White=8     	Black=9      OK:         	White=24    	Black=17     Best:        	White=2     	---        Strong:       	---       	Black=1      Brilliant:      	White=2     	---} 1-0

[Event "CCT Chessable Masters Playin Match 2025"]
[Site "Online"]
[Date "2025.02.17"]
[Round "1.3"]
[White "Esipenko, Andrey"]
[Black "Andreikin, Dmitry"]
[Result "1-0"]
[Annotator "TA"]
[ECO "D35"]
[WhiteElo "2695"]
[BlackElo "2695"]
[PlyCount "141"]
[EventDate "2025.02.13"]
[EventType "k.o."]
[EventCountry "NET"]
[SourceTitle "playchess.com"]
[Source "ChessBase"]
[SourceQuality "1"]
[TimeControl "600"]

1. d4 Nf6 2. c4 e6 3. Nc3 d5 4. cxd5 exd5 5. Bg5 c6 6. e3 h6 7. Bh4 Bf5 8. Qf3 {[%emt 0:00:04] D35: Queen's Gambit Declined: Exchange Variation.} Bh7 {[%emt 0:00:01] now scores much better than the old 8...Bg6.} 9. Bxf6 Qxf6 10. Qxf6 {[%emt 0:00:01] White has an edge.} gxf6 11. Nge2 Nd7 12. Nc1 $1 $146 {[%emt 0:00:16][%mdl 8] A top novelty.} (12. Ng3 Nb6 13. Nh5 Be7 14. O-O-O Rg8 15. Rg1 Nc8 16. Ne2 Nd6 17. Neg3 a5 18. Bd3 Bxd3 19. Rxd3 {0-1 Fedoseev,V (2687)-Andreikin,D (2729) Crunchlab PlayIn Match D1 rapid 2024 (2.4)}) 12... Nb6 13. Bd3 Bxd3 14. Nxd3 Rg8 15. g3 f5 16. Ke2 a5 17. Rhb1 Bd6 18. a3 Nc4 19. a4 Bc7 20. b4 axb4 21. Rxb4 Ba5 22. Rb3 Nd6 23. Nc5 Bxc3 (23... b6 $5 24. Nd3 $8 Bxc3 25. Rxc3 Nc4 $11) 24. Rxc3 b6 $1 25. Nb3 (25. Nd3 $5 Nc4 $8 26. Kf3 $11) 25... Nc4 {[%emt 0:00:05] [#]} (25... Kd7 $11) 26. a5 $1 bxa5 27. Nd2 Nxd2 (27... Kd7 $1 $14) 28. Kxd2 $14 {[%emt 0:00:00][%mdl 4096] Endgame KRR-KRR. Black is a pawn up.} Kd7 29. Rca3 {[%emt 0:00:01] White is more active.} f4 30. gxf4 (30. Rxa5 fxe3+ 31. fxe3 Rxa5 32. Rxa5 Rb8 $18) (30. exf4 $16 Rgb8 31. Rxa5 Rb2+ 32. Ke3 Re8+ 33. Kf3) 30... Rab8 (30... Rg2 $11 {keeps the balance.}) 31. R1a2 ({White should play} 31. Ke2 $1 $16) 31... Rg2 32. Ke2 ({Reject} 32. Rxa5 Rxf2+ 33. Kc3 Rf3 $17) 32... Rxh2 33. Rxa5 {[%emt 0:00:02] White leaves nothing to chance now.} Rb7 34. Ra7 Kc7 35. Ra8 h5 (35... Kd6 $16 {was called for.} 36. Kf3 Ke6 37. Re8+ Kd7) 36. Kf3 h4 $2 (36... Kd6 37. Rc8 Kd7) 37. R2a7 $18 h3 {[%emt 0:00:24] [#]} 38. Rxb7+ $1 Kxb7 {[%emt 0:00:01] KR-KR} 39. Rf8 c5 (39... Rh1 $142 40. Rxf7+ Kb6) 40. Rxf7+ Kc6 41. dxc5 Kxc5 42. Rc7+ Kd6 {[%emt 0:00:03] [#]} 43. Rc1 Rg2 {[%emt 0:00:40] Against Rg1} 44. Rh1 Rg8 45. Rxh3 d4 46. Rh1 Ke6 47. Rd1 dxe3 48. fxe3 Ra8 49. Rh1 (49. e4 $142 Ra3+ 50. Kg4 Ra7 51. Rb1 Rg7+ 52. Kf3 Rg8 53. f5+ Ke5 54. Rb5+ Kd6 55. e5+ Kc6 56. Rb2) 49... Ra3 50. Rh6+ Kf5 51. Rh5+ Kg6 52. Rb5 Kf6 53. Re5 Rb3 54. Kg4 Ra3 55. Kf3 (55. Rf5+ $142 Kg7 56. Rg5+ Kf6 57. e4) 55... Rb3 $1 56. Rd5 Ra3 57. Ke4 Ra4+ 58. Rd4 Ra6 59. Rb4 {[%emt 0:00:03] And now f5 would win.} Re6+ 60. Kf3 Ra6 61. e4 {[%emt 0:00:01][%cal Be3e4,Be4e5,Be5e6][%mdl 32] Threatening mate with Kg4.} Ra1 62. Rb6+ Kf7 63. Kg4 Ra4 64. Kf5 Ra8 65. Rb7+ Kf8 66. e5 Ra4 67. Kg5 Re4 68. Kf5 Ra4 69. e6 {[%emt 0:00:01] White mates.} Rc4 70. Kg5 Rb4 71. Rxb4 {[%emt 0:00:03] Weighted Error Value: White=0.16 (very precise) /Black=0.69  Mistake:       	White=2     	Black=6      Inaccurate:     	White=2     	Black=3      OK:         	White=10    	Black=11     Best:        	White=4     	Black=1      Strong:       	White=1     	Black=1} 1-0

[Event "CCT Chessable Masters Playin Match 2025"]
[Site "Online"]
[Date "2025.02.17"]
[Round "1.3"]
[White "Artemiev, Vladislav"]
[Black "Lazavik, Denis"]
[Result "1-0"]
[Annotator "TA"]
[ECO "A29"]
[WhiteElo "2691"]
[BlackElo "2572"]
[PlyCount "171"]
[EventDate "2025.02.13"]
[EventType "k.o."]
[EventCountry "NET"]
[SourceTitle "playchess.com"]
[Source "ChessBase"]
[SourceQuality "1"]
[TimeControl "600"]

1. c4 Nf6 2. Nc3 e5 3. Nf3 Nc6 4. g3 d5 5. cxd5 Nxd5 6. Bg2 Bc5 {[%emt 0:00:00] now scores much better than the old 6...Nb6. A29: English Opening: Four Knights Variation with 4 g3.} 7. Qc2 Ndb4 8. Qa4 Bd7 {[%emt 0:00:02] ...Nd4 would now be deadly. The position is equal.} 9. O-O Nd4 10. Qd1 Nxf3+ 11. Bxf3 Nc6 12. d3 O-O 13. a3 $146 (13. Be3 Nd4 14. Bxb7 Rb8 15. Bg2 Rxb2 16. Rb1 Qb8 17. Bxd4 Bxd4 18. Nd5 Bg4 19. Ne7+ {1-0 Nepomniachtchi,I (2784)-Giri,A (2764) Carlsen Inv Prelim rapid 2020 (3.2)}) 13... Bh3 14. Re1 Qd7 15. b4 Bb6 16. Be3 {[%emt 0:00:09] Inhibits Qd4.} Rad8 17. Rc1 Nd4 18. Bxd4 exd4 19. Ne4 c6 20. a4 a6 21. Qc2 h6 22. Qd2 Qe7 23. Rc2 Be6 24. Rb1 {[%emt 0:00:09] Inhibits Bb3.} Bd5 (24... f5 $5 25. Nc5 $8 Bd5 $11) 25. Qc1 Rfe8 26. Nd2 Bxf3 27. Nxf3 (27. exf3 {is superior.} Qe6 28. Ne4) 27... Rd5 $11 28. Rbb2 h5 29. h4 Qd7 30. Kg2 Rf5 31. Rd2 Bc7 32. Qc4 Rd5 33. Rdc2 Re7 (33... Bb6 $11) 34. Qb3 Bb6 35. Qa2 g6 36. Rb1 Qd6 37. Qb2 Qf6 (37... Re8 $11 {remains equal.}) 38. e4 $16 {[%emt 0:00:03] White has strong rooks and is better} Rd8 39. Ng5 Qd6 40. Qb3 Kg7 41. Re2 f6 42. Nf3 Qd7 43. Rbe1 Rde8 44. Qc4 Qd6 45. Nd2 Ba7 46. Qb3 Qd7 47. Qc2 Qg4 48. Nf3 Qd7 49. Rb1 Re6 50. Qc4 Bb6 51. Qb3 R6e7 52. Nd2 Qg4 53. Ree1 Bc7 54. Nf3 Qd7 55. b5 cxb5 56. axb5 {[%emt 0:00:00] White plays on the queen side and is better} Ba5 57. Re2 Bc3 58. bxa6 bxa6 59. Ra2 Qc6 (59... a5 $14) 60. Rc1 (60. Ra4 $142) 60... Qd6 61. Nd2 (61. Ng1 $16) 61... a5 62. Nc4 {[%emt 0:00:09][%csl LRd6,Oa5] White attacks a weakness} Qa6 63. Qa3 Ra7 (63... Qb5 $14) 64. Rb1 $1 {[%emt 0:00:01][%cal Bc1b1,Bb1b6,Bb6f6][%mdl 32] Rb6 is the strong threat. Black is now going downhill.} Qe6 65. Rb6 Qe7 66. Qb3 Bb4 67. Qa4 $1 {[%emt 0:00:09] White is more active.} Rea8 {[%emt 0:00:28] [#]} (67... Bc3 $16 68. Qb5 Rc8) 68. e5 $1 $18 Kg8 $2 (68... f5 {is a better defense.} 69. Qb5 (69. Qc6 Qf7 $18) 69... Kh6) 69. Rxf6 Qb7+ 70. Kg1 Rf8 $2 (70... Kh7 {is a better chance.} 71. Re2 Rf8) 71. Rxg6+ Kh8 $2 (71... Kh7) 72. Rb6 Qf3 73. Rxb4 Rg7 {[%emt 0:00:01][%cal Ba7g7,Bg7g4,Bg4g6][%mdl 32] [#]} 74. Rb1 $1 (74. Nxa5 Rxg3+ 75. fxg3 Qxg3+ 76. Rg2 Qe3+ 77. Kh2 Qxe5+ 78. Kg1 Qe1+ 79. Kh2 Qxh4+ 80. Kg1 Qe1+ 81. Kh2 Qh4+ 82. Kg1 Qe1+ 83. Kh2 Qh4+ $11) 74... Qxd3 75. Qc2 Qf3 76. Qe2 Qf5 77. Rd1 Rfg8 78. Ra3 (78. Nxa5 Rxg3+ 79. fxg3 Rxg3+ 80. Kh1 d3 $18) 78... Rg4 79. Nd6 ({Inferior is} 79. Rxa5 Rxg3+ 80. fxg3 Rxg3+ 81. Kh1 d3 82. Ra8+ Kh7 83. Ra7+ Kh8 84. Ra8+ Kh7 85. Ra7+ Kh8 86. Ra8+ $11) 79... Qe6 80. Qf3 R4g6 81. Qxh5+ {[%emt 0:00:02] White mates.} Kg7 82. Rxa5 Qd7 83. Nf5+ Kf7 84. Nh6+ Kg7 85. Nxg8 d3 86. Nf6 {[%emt 0:00:02] Weighted Error Value: White=0.08 (flawless) /Black=0.11 (very precise)   Mistake:       	White=3     	Black=8      Inaccurate:     	White=5     	Black=3      OK:         	White=23    	Black=20     Best:        	White=1     	Black=2      Strong:       	White=2     	---} 1-0

[Event "CCT Chessable Masters Playin Match 2025"]
[Site "Online"]
[Date "2025.02.17"]
[Round "1.3"]
[White "Sadhwani, Raunak"]
[Black "Grischuk, Alexander"]
[Result "0-1"]
[Annotator "TA"]
[ECO "D35"]
[WhiteElo "2666"]
[BlackElo "2687"]
[PlyCount "66"]
[EventDate "2025.02.13"]
[EventType "k.o."]
[EventCountry "NET"]
[SourceTitle "playchess.com"]
[Source "ChessBase"]
[SourceQuality "1"]
[TimeControl "600"]

1. c4 e6 2. Nc3 d5 3. d4 Be7 4. cxd5 exd5 5. Bf4 Nf6 6. e3 Bf5 7. Nge2 O-O 8. Ng3 Be6 9. Bd3 {[%emt 0:00:01] D35: Queen's Gambit Declined: Exchange Variation.} c5 10. dxc5 Bxc5 11. O-O {[%emt 0:00:00] The position is equal.} Nc6 12. Rc1 Bd6 13. Bxd6 Qxd6 14. Nb5 $146 (14. Qa4 a6 15. Rfd1 Rfd8 16. a3 Rac8 17. Qh4 Ne5 18. h3 h6 19. Nh5 Nxh5 20. Qxh5 Nxd3 21. Rxd3 {½-½ Touzane,O (2382)-Shchekachev,A (2503) Montpellier op 7th 2000 (6)}) 14... Qe5 15. Qd2 Rad8 {[%emt 0:00:04] [#]} 16. Nd4 $1 Nxd4 17. exd4 Qd6 18. f3 h6 {[%emt 0:00:06] The position is symmetric and equal} 19. Kh1 Rfe8 20. Ne2 Bd7 21. g4 Nh7 22. Nf4 Ng5 23. Kg2 Re7 24. h4 Ne6 25. Ne2 Rde8 26. f4 {[%emt 0:00:44] [#]} (26. Rf2 $11) 26... Nf8 {[%emt 0:00:16] Black has strong rooks and is better} (26... Nd8 $142 $1 {[%cal Rd8c6] And now ...Nc6! would win.} 27. f5 Nc6) 27. f5 $17 Re3 {[%emt 0:00:04] Black attacks} 28. Nf4 (28. Rf3 $1 $15 Rxf3 29. Kxf3) 28... Qf6 $36 {[%emt 0:00:18][%csl LRd4,LRh4][%mdl 2048] Black has strong initiative.} 29. Qf2 {[%emt 0:00:01] White does not recover from this.} (29. Nxd5 $2 Bc6 (29... Qxh4 $2 {too greedy.} 30. Nxe3 Bc6+ 31. d5 $18) 30. Rxc6 Qxc6 $19) ({Avoid the trap} 29. Ne6 $2 Rxd3 30. Qxd3 fxe6 $19) (29. Rf3 $17 {keeps fighting.} Rxf3 (29... Qxd4 30. Qf2 $17) 30. Kxf3) 29... Qxd4 30. Rcd1 Qe5 31. Kg1 Nh7 32. Ng2 Qg3 33. Qf4 $2 (33. Qxg3 Rxg3 34. Rf4) 33... Rxd3 {[%emt 0:00:15] Weighted Error Value: White=0.46/Black=0.10 (very precise)   Loses game:     	White=1     	---        Mistake:       	White=3     	Black=1      Inaccurate:     	White=2     	Black=2      OK:         	White=6     	Black=9      Best:        	White=2     	Black=2} 0-1